 Dungeon Crawl Stone Soup version 0.20-a0-537-g052e6ba (webtiles) character file.

294 Gorice the Slasher (level 6, -3/47 HPs)
             Began as a Barachian Fighter on Jan 27, 2017.
             Killed by divine providence
             ... invoked by an orc priest
              (14 damage)
             ... on level 3 of the Dungeon.
             The game lasted 00:07:35 (2347 turns).

Gorice the Slasher (Barachian Fighter)              Turns: 2347, Time: 00:07:36

Health: -3/47      AC: 10    Str: 17    XL:     6   Next: 33%
Magic:  6/6        EV:  7    Int:  6    God:
Gold:   160        SH:  8    Dex: 10    Spells: 5/5 levels left

rFire    . . .     SeeInvis .   a - +0 long sword
rCold    . . .     Gourm    .   b - +0 scale mail
rNeg     . . .     Faith    .   c - +0 shield
rPois    .         Spirit   .   m - +2 helmet
rElec    .         Reflect  .   (no cloak)
rCorr    .         Harm     .   (no gloves)
MR       .....                  (no boots)
Stlth    ..........             (no amulet)
Regen    0.2/turn               (no ring)
                                (no ring)

@: slow
A: swims, slowness 1, strong legs 1
a: Hop


You were on level 3 of the Dungeon.
You were not hungry.

You visited 1 branch of the dungeon, and saw 3 of its levels.

You collected 160 gold pieces.

Inventory:

Hand Weapons
 a - a +0 long sword (weapon)
Missiles
 d - 31 sling bullets
 e - 4 needles of sleeping
 Z - 34 stones (quivered)
Armour
 b - a +0 scale mail (worn)
 c - a +0 shield (worn)
 m - a +2 helmet (worn)
Potions
 i - 2 potions of curing
 k - 2 potions of resistance {unknown}
 l - a potion of haste {unknown}
 o - a potion of degeneration {unknown}
Comestibles
 f - 2 bread rations {!e}
 g - a meat ration {!e}
 h - 2 royal jellies
 j - 13 chunks of flesh
 n - 7 fruits


   Skills:
 - Level 3.2 Fighting
 * Level 7.1 Long Blades
 - Level 3.2 Armour
 - Level 3.0 Shields


You had 5 spell levels left.
You didn't know any spells.

Dungeon Overview and Level Annotations

Branches:
Dungeon (3/15)

Altars:
Fedhas
Qazlal
Trog
Xom
Zin


Innate Abilities, Weirdness & Mutations

You can swim through water.
You cover ground slowly.
You can hop short distances.


Message History

The orc hits you but does no damage.
You slash the orc!
You kill the orc!
You hit the orc priest.
The orc priest is heavily wounded.
The orc priest barely misses you.
Your scale mail prevents you from hitting the orc priest.
The orc priest is heavily wounded.
The orc priest invokes the aid of Beogh against you.
Beogh smites you!
* * * LOW HITPOINT WARNING * * *
You hear a shout!
Damage: 13 (max 13)
You hit the orc priest.
The orc priest is severely wounded.
The orc priest hits you but does no damage.
You hit the orc priest but do no damage.
The orc priest is severely wounded.
The orc priest barely misses you.
You riposte.
You hit the orc priest but do no damage.
The orc priest is severely wounded.
The orc priest invokes the aid of Beogh against you.
Pain shoots through your body!
* * * LOW HITPOINT WARNING * * *
Damage: 14 (max 14) Unknown command.
Unknown command.
You feel better.
The orc priest hits you but does no damage.
You hit the orc priest but do no damage.
The orc priest is severely wounded.
The orc priest looks encouraged for a moment.
An orc priest comes into view.
You hit the orc priest.
You kill the orc priest!
Your Long Blades skill increases to level 7!
You slash the orc priest!
The orc priest is severely wounded.
The orc priest begins to cast a cantrip, but forgets the words!
You hit the orc priest but do no damage.
The orc priest is severely wounded.
The orc priest calls down the wrath of Beogh upon you.
Beogh smites you!
* * * LOW HITPOINT WARNING * * *
You hear a shout! x2
Damage: 9 (max 14)
You feel better.
The orc priest calls down the wrath of Beogh upon you.
Beogh smites you!
You die...

##...####.....##....o.....#
......#.#......#... .o.$#.#
........#....#.#.####.....##
......#...####...#.........#
.≈...###.............o(.?..#
....####.........#...o.....#
................>#.........#
....#########....#..!!.....#
.... ###.##@#........?# ##
#...##o#...((....#
####.####....######## #....#
####.# #.#### #.# #.# #.#
#.# #.### #.# #...# #.#
#.###


You could see an orc priest.

Vanquished Creatures
  An ice beast (D:3)
  An orc priest (D:3)
  An orc wizard (D:3)
  Jessica (D:2)
  Robin (D:2)
  5 adders
  A worm (D:3)
  4 dart slugs
  5 leopard geckos
  4 orcs (D:3)
  A ball python (D:1)
  A giant cockroach (D:1)
  8 goblins
  3 hobgoblins (D:2)
  8 bats
  4 kobolds (D:1)
  5 rats
54 creatures vanquished.

Notes
Turn   | Place    | Note
-------+----------+-------------------------------------------
     0 | D:1      | Gorice the Barachian Fighter began the quest for the Orb.
     0 | D:1      | Reached XP level 1. HP: 18/18 MP: 1/1
   148 | D:1      | Reached XP level 2. HP: 23/24 MP: 2/2
   274 | D:1      | HP: 7/24 [leopard gecko (3)]
   280 | D:1      | Reached skill level 3 in Long Blades
   911 | D:2      | Reached XP level 3. HP: 13/29 MP: 3/3
  1098 | D:2      | Reached skill level 4 in Long Blades
  1301 | D:2      | Noticed Robin
  1309 | D:2      | Killed Robin
  1309 | D:2      | Reached XP level 4. HP: 23/35 MP: 4/4
  1496 | D:2      | Found a shimmering altar of Xom.
  1498 | D:2      | Noticed an angel
  1499 | D:2      | Found a glowing silver altar of Zin.
  1505 | D:2      | Noticed Jessica
  1527 | D:2      | Killed Jessica
  1527 | D:2      | Reached skill level 5 in Long Blades
  1719 | D:2      | Found a bloodstained altar of Trog.
  2037 | D:3      | Found a blossoming altar of Fedhas.
  2072 | D:3      | Reached XP level 5. HP: 35/41 MP: 5/5
  2113 | D:3      | Found a stormy altar of Qazlal.
  2156 | D:3      | Noticed an ice beast
  2174 | D:3      | Killed an ice beast
  2174 | D:3      | Reached skill level 6 in Long Blades
  2231 | D:3      | Reached XP level 6. HP: 47/47 MP: 6/6
  2341 | D:3      | HP: 7/47 [orc priest/nerve-wracking pain (14)]
  2344 | D:3      | Reached skill level 7 in Long Blades
  2346 | D:3      | HP: 5/47 [orc priest/divine providence (9)]
  2347 | D:3      | Killed from afar by an orc priest

Vault maps used:
D:1:      lightli_iron_boxes, serial_bayou, serial_bayou_lagoon_b,
          serial_bayou_pond_d, serial_bayou_pond_c, serial_bayou_pond_c,
          serial_bayou_ford_a, serial_bayou_pond_c
D:2:      grunt_temple_overflow_order_and_chaos_1, trog_book, uniq_jessica,
          uniq_robin
D:3:      grunt_temple_overflow_forces_of_nature, first_bread

Skill      XL: |  1  2  3  4  5  6 |
---------------+-------------------+-----
Long Blades    | 3 4 5 6 7 |  7.1
Fighting       | |  3.2
Armour         | |  3.2
Shields        | |  3.0

Action                   |  1- 3 |  4- 6 || total
-------------------------+-------+-------++-------
Melee: Long sword        |   120 |   115 ||   235
Throw: Stone             |     4 |     6 ||    10
  Use: Scroll            |     5 |       ||     5
       Potion            |     1 |     2 ||     3
  Eat: Chunk             |     2 |     4 ||     6
Armor: Scale mail        |    54 |    64 ||   118
Dodge: Dodged            |    32 |    26 ||    58
Block: Shield            |    59 |    39 ||    98
       Rpst.: Long sword |    13 |     8 ||    21

Table legend:
 A = Turns spent in this place as a percentage of turns spent in the entire game.
 B = Non-inter-level travel turns spent in this place as a percentage of non-inter-level travel turns spent in the entire game.
 C = Inter-level travel turns spent in this place as a percentage of turns spent in this place.
 D = Turns resting spent in this place as a percentage of non-inter-level travel turns spent in this place.
 E = Turns spent auto-exploring this place as a percentage of non-inter-level travel turns spent in this place.
 F = Non-inter-level travel turns spent in this place divided by the number of levels of this place that you've seen.
                   A       B       C       D       E      F
               +-------+-------+-------+-------+-------+----------------------
         Total | 100.0 | 100.0 |   0.5 |   3.1 |   6.4 | 250.7
       Dungeon | 100.0 | 100.0 |   0.5 |   3.1 |   6.4 | 250.7
               +-------+-------+-------+-------+-------+----------------------

Vault maps used:
D:1:      lightli_iron_boxes, serial_bayou, serial_bayou_lagoon_b,
          serial_bayou_pond_d, serial_bayou_pond_c, serial_bayou_pond_c,
          serial_bayou_ford_a, serial_bayou_pond_c
D:2:      grunt_temple_overflow_order_and_chaos_1, trog_book, uniq_jessica,
          uniq_robin
D:3:      grunt_temple_overflow_forces_of_nature, first_bread
